 Dungeon Crawl Stone Soup version 0.20.1-1-g8b1a95d (webtiles) character file.

9947 vatarom the Carver (level 11, -9/84 HPs)
             Began as a Demonspawn Gladiator on Sept 15, 2017.
             Was a Believer of Yredelemnul.
             Mangled by a white ugly thing (33 damage)
             ... on level 11 of the Dungeon.
             The game lasted 00:21:13 (9997 turns).

vatarom the Carver (Demonspawn Gladiator)           Turns: 9997, Time: 00:21:14

Health: -9/84      AC: 11    Str: 24      XL:     11   Next: 29%
Magic:  18/18      EV: 14    Int: 10      God:    Yredelemnul [**....]
Gold:   362        SH:  0    Dex: 13 (15) Spells: 10/10 levels left

rFire    . . .     SeeInvis +   G - +0 great sword
rCold    . . .     Gourm    +   (shield currently unavailable)
rNeg     . . .     Faith    .   b - +0 steam dragon scales
rPois    .         Spirit   .   c - +1 helmet
rElec    .         Reflect  .   (no cloak)
rCorr    .         Harm     .   p - +0 pair of gloves
MR       .....                  (no boots)
Stlth    +.........             u - amulet of the gourmand
Regen    0.3/turn               e - +3 ring of slaying
MPRegen  0.2/turn               B - ring of see invisible

@: mighty
A: claws 1, hooves 2, thin metallic scales 1, deterioration 1, powered by pain
1, spiny 1, strong 1
a: Animate Remains, Recall Undead Slaves, Injury Mirror, Renounce Religion


You were on level 11 of the Dungeon.
You worshipped Yredelemnul.
Yredelemnul was pleased with you.
You were full.

You visited 2 branches of the dungeon, and saw 12 of its levels.

You collected 362 gold pieces.

Inventory:

Hand Weapons
 G - a +0 great sword (weapon)
Armour
 b - +0 steam dragon scales (worn)
 c - a +1 helmet (worn)
 p - a +0 pair of gloves (worn)
Jewellery
 e - a +3 ring of slaying (left hand)
 r - a +2 ring of evasion
 u - an amulet of the gourmand (around neck)
 B - a ring of see invisible (right hand)
Wands
 l - a wand of paralysis (7/24)
 m - a wand of iceblast (3/15)
 E - a wand of paralysis (11/24)
 F - a wand of paralysis (14/24)
 H - a wand of disintegration (9/24)
Scrolls
 j - 4 scrolls of magic mapping
 n - 4 scrolls of amnesia
 s - a scroll of immolation
 t - 7 scrolls of identify
 y - 4 scrolls of remove curse
 A - a scroll of enchant weapon
 C - 6 scrolls of teleportation
Potions
 a - a potion of magic {unknown}
 d - 2 potions of ambrosia
 g - a potion of flight
 h - 5 potions of brilliance
 w - a potion of curing
 z - a potion of agility
Comestibles
 f - 12 bread rations
 i - 7 fruits
 k - 9 meat rations
 o - 4 royal jellies


   Skills:
 + Level 7.0 Fighting
 * Level 10.6 Long Blades
 - Level 1.7 Throwing
 - Level 5.7 Armour
 + Level 5.2 Dodging
   Level 4.9 Shields
 + Level 9.3 Invocations


You had 10 spell levels left.
You didn't know any spells.

Dungeon Overview and Level Annotations

Branches:
Dungeon (11/15)            Temple (1/1) D:5            Lair (0/6) D:9
    Orc (0/2) D:9

Altars:
Ashenzari
Cheibriados
Dithmenos
Elyvilon
Fedhas
Gozag
Hepliaklqana
Kikubaaqudgha
Makhleb
Nemelex Xobeh
Okawaru
Qazlal
Ru
Sif Muna
Trog
Uskayaw
Vehumet
Xom
Yredelemnul
Zin
The Shining One


Innate Abilities, Weirdness & Mutations

You have hoof-like feet.
You are partially covered in thin metallic scales. (AC +2)
You sometimes gain a little power by taking damage.
You are partially covered in sharp spines.
You have sharp fingernails.
Your body sometimes deteriorates upon taking damage.
Your muscles are strong. (Str +2)


Message History

The white ugly thing misses you.
You completely miss the white ugly thing.
The white ugly thing is moderately wounded.
The white ugly thing is struck by your spines.
The white ugly thing punches you but does no damage.
You hit the white ugly thing but do no damage.
Your kick misses the white ugly thing.
The white ugly thing is moderately wounded.
The white ugly thing is struck by your spines.
The white ugly thing punches you! The white ugly thing freezes you!!
* * * LOW HITPOINT WARNING * * *
You focus on the pain.
You feel very mighty all of a sudden.
You feel better.
The white ugly thing is struck by your spines.
The white ugly thing punches you!
* * * LOW HITPOINT WARNING * * *
The white ugly thing freezes you!!
You die...
Your body rises from the dead as a mindless zombie.

#########
#......<#
#.####### #.# ###
#.# .... #.# .....
##.#########......
#.......(@u'......
############......
..... .... ... ..
.


You could see a white ugly thing.

Vanquished Creatures
  Snorg (D:10)
  2 two-headed ogres
  3 death yaks (D:9)
  Pikel (D:6)
  Joseph (D:7)
  Prince Ribbit (D:7)
  2 trolls (D:9)
  A hippogriff (D:10)
  6 yaks
  A steam dragon (D:10)
  Menkaure (D:7)
  3 orc warriors
  3 sky beasts
  2 slaves (D:6)
  An ice beast (D:6)
  2 phantoms
  The ghost of vatarom the Slasher, an amateur DsGl (D:3)
  3 ogres
  4 centaurs
  2 bullfrogs
  A scorpion (D:8)
  2 howler monkeys (D:8)
  A vampire bat (D:5)
  2 crimson imps
  A bullfrog zombie (D:8)
  2 jellies (D:7)
  A centaur skeleton (D:9)
  3 bullfrog skeletons
  4 hounds
  10 orc priests
  Ijyb (D:4)
  3 iguanas
  An orc wizard (D:6)
  3 worker ants
  A hell rat (D:9)
  A worker ant zombie (D:6)
  8 adders
  An ooze (D:2)
  2 adder zombies
  An adder skeleton (D:6)
  2 worms
  2 dart slugs (D:2)
  3 fire bats (D:5)
  3 leopard geckos
  23 orcs
  2 spectral bats (D:5)
  16 bats
  3 bat skeletons (D:5)
  A bat zombie (D:5)
  10 giant cockroaches
  11 goblins
  8 hobgoblins
  14 jackals
  5 quokkas
  A ball python (D:5)
  A bat simulacrum (D:5)
  6 frilled lizards
  7 kobolds
  A quokka skeleton (D:8)
  8 rats
217 creatures vanquished.

Vanquished Creatures (collateral kills)
  The ghost of equalderp2856 the Cleaver, a novice MiFi (D:9)
  An ice beast (D:9)
  A jelly (D:8)
  An orc wizard (D:10)
  An iguana (D:9)
  A hell rat (D:9)
  A goblin (D:9)
7 creatures vanquished.

Vanquished Creatures (others)
  A troll zombie (D:9)
  A yak zombie (D:9)
  A centaur zombie (D:7)
  An ogre zombie (D:9)
  An adder zombie (D:6)
  A giant cockroach zombie (D:6)
  A jackal zombie (D:7)
  4 orc zombies
11 creatures vanquished.

Grand Total: 235 creatures vanquished

Notes
Turn   | Place    | Note
-------+----------+-------------------------------------------
     0 | D:1      | vatarom the Demonspawn Gladiator began the quest for the Orb.
     0 | D:1      | Reached XP level 1. HP: 16/16 MP: 1/1
   186 | D:1      | Gained mutation: You have large cloven feet. [demonic ancestry]
   186 | D:1      | Reached XP level 2. HP: 11/22 MP: 2/2
   189 | D:1      | Reached skill level 3 in Long Blades
   692 | D:1      | Gained mutation: Your muscles are strong. (Str +2) [potion of mutation]
   692 | D:1      | Gained mutation: Your body sometimes deteriorates upon taking damage. [potion of mutation]
   692 | D:1      | Gained mutation: You have sharp fingernails. [potion of mutation]
  1026 | D:2      | Reached XP level 3. HP: 27/27 MP: 3/3
  1248 | D:2      | Found a sparkling altar of Nemelex Xobeh.
  1377 | D:2      | Found a radiant altar of Vehumet.
  1512 | D:2      | Gained mutation: You are partially covered in thin metallic scales. (AC +2) [demonic ancestry]
  1512 | D:2      | Reached XP level 4. HP: 34/34 MP: 4/4
  1780 | D:3      | Noticed vatarom's ghost (amateur DsGl)
  1802 | D:3      | Killed vatarom's ghost
  1802 | D:3      | Reached skill level 4 in Long Blades
  1802 | D:3      | Gained mutation: You sometimes gain a little power by taking damage. [demonic ancestry]
  1802 | D:3      | Reached XP level 5. HP: 15/41 MP: 5/5
  2342 | D:3      | Found a glowing golden altar of the Shining One.
  2351 | D:3      | Found a basalt altar of Yredelemnul.
  2530 | D:3      | Noticed a profane servitor
  2535 | D:3      | Became a worshipper of Yredelemnul the Dark
  2759 | D:4      | Noticed Ijyb
  2773 | D:4      | Killed Ijyb
  2852 | D:4      | Gained mutation: You have hoof-like feet. [demonic ancestry]
  2852 | D:4      | Reached XP level 6. HP: 47/47 MP: 6/6
  3007 | D:5      | Entered Level 5 of the Dungeon
  3031 | D:4      | Reached skill level 5 in Long Blades
  3042 | D:4      | Reached skill level 1 in Invocations
  3140 | D:5      | Noticed a sky beast
  3152 | D:5      | Killed a sky beast
  3152 | D:5      | Reached XP level 7. HP: 25/53 MP: 8/8
  3536 | D:5      | Reached * piety under Yredelemnul
  3561 | D:5      | Reached skill level 1 in Shields
  3694 | D:5      | Found a staircase to the Ecumenical Temple.
  3812 | Temple   | Entered the Ecumenical Temple
  4047 | D:6      | Reached skill level 6 in Long Blades
  4537 | D:7      | Noticed Menkaure
  4547 | D:7      | Killed Menkaure
  4547 | D:7      | Reached XP level 8. HP: 60/60 MP: 9/11
  4829 | D:6      | Found a shimmering altar of Xom.
  4830 | D:6      | Found a hazy altar of Hepliaklqana.
  4830 | D:6      | Noticed a hell beast
  4831 | D:6      | Noticed a hell beast
  4831 | D:6      | Noticed a spectral ugly thing
  4875 | D:6      | Reached ** piety under Yredelemnul
  4881 | D:6      | Found a snail-covered altar of Cheibriados.
  4881 | D:6      | Found a shattered altar of Ashenzari.
  4882 | D:6      | Noticed Pikel
  4910 | D:6      | Killed Pikel
  4910 | D:6      | Reached skill level 7 in Long Blades
  4910 | D:6      | Reached skill level 5 in Invocations
  5247 | D:7      | Reached XP level 9. HP: 6/65 MP: 13/13
  5760 | D:7      | Noticed Joseph
  6110 | D:7      | Reached skill level 1 in Armour
  6132 | D:7      | Reached skill level 8 in Long Blades
  6280 | D:7      | Killed Joseph
  6280 | D:7      | Reached skill level 5 in Fighting
  6404 | D:7      | Noticed Prince Ribbit
  6413 | D:7      | Killed Prince Ribbit
  6652 | D:8      | Noticed a two-headed ogre
  6663 | D:8      | Killed a two-headed ogre
  6663 | D:8      | Reached skill level 9 in Long Blades
  6663 | D:8      | Gained mutation: You are partially covered in sharp spines. [demonic ancestry]
  6663 | D:8      | Reached XP level 10. HP: 51/74 MP: 15/15
  7397 | D:8      | Found a glowing silver altar of Zin.
  7802 | D:9      | Found a staircase to the Orcish Mines.
  7808 | D:9      | Noticed equalderp2856's ghost (novice MiFi)
  7817 | D:9      | Killed equalderp2856's ghost
  7817 | D:9      | Reached skill level 5 in Armour
  7921 | D:9      | Found an opulent altar of Gozag.
  8097 | D:9      | Noticed a two-headed ogre
  8104 | D:9      | Killed a two-headed ogre
  8198 | D:9      | Found a white marble altar of Elyvilon.
  8364 | D:9      | Noticed a death yak
  8365 | D:9      | Noticed a death yak
  8372 | D:9      | Noticed a death yak
  8385 | D:9      | Killed a death yak
  8385 | D:9      | Reached skill level 10 in Long Blades
  8392 | D:9      | Killed a death yak
  8392 | D:9      | Reached XP level 11. HP: 42/83 MP: 17/17
  8396 | D:9      | Killed a death yak
  8443 | D:9      | Found a staircase to the Lair.
  8663 | D:10     | Entered Level 10 of the Dungeon
  8944 | D:10     | Reached skill level 5 in Dodging
  9373 | D:10     | Noticed Snorg
  9378 | D:10     | Killed Snorg
  9991 | D:11     | Noticed a white ugly thing
  9997 | D:11     | Mangled by a white ugly thing

Skill      XL: |  1  2  3  4  5  6  7  8  9 10 11 |
---------------+----------------------------------+-----
Long Blades    | 3 4 5 6 7 9 10 | 10.6
Dodging        | 3 4 5 |  5.2
Fighting       | 3 4 5 6 7 |  7.0
Invocations    | 2 4 5 7 8 9 |  9.3
Shields        | 2 4 |  4.9
Armour         | 4 5 |  5.7
Throwing       | |  1.7

Action                   |  1- 3 |  4- 6 |  7- 9 | 10-12 || total
-------------------------+-------+-------+-------+-------++-------
Melee: Long sword        |    89 |   101 |   214 |    54 ||   458
       Kick              |    21 |    27 |   100 |    53 ||   201
       Great sword       |       |       |       |    78 ||    78
Throw: Throwing net      |       |       |     3 |     2 ||     5
Invok: Animate Remains   |       |       |    13 |    10 ||    23
       Injury Mirror     |       |       |     3 |     1 ||     4
       Recall Undead Sla |       |       |     1 |     1 ||     2
Evoke: Wand              |       |       |     2 |       ||     2
  Use: Potion            |     5 |     4 |     4 |     5 ||    18
       Scroll            |     3 |     3 |     3 |     1 ||    10
 Stab: Sleeping          |       |     1 |       |       ||     1
       Paralysed         |       |       |     4 |       ||     4
       Held in net/web   |       |       |     1 |       ||     1
  Eat: Chunk             |     2 |     7 |    18 |     7 ||    34
       Bread ration      |       |       |       |     2 ||     2
Armor: Leather armour    |    28 |    43 |    56 |     7 ||   134
       Troll leather arm |       |       |       |    17 ||    17
       Steam dragon scal |       |       |       |    10 ||    10
Dodge: Dodged            |    77 |    75 |   174 |    79 ||   405
Block: Buckler           |       |       |    20 |    19 ||    39
       Rpst.: Long sword |    30 |    14 |    52 |     4 ||   100
       Great sword       |       |       |       |    14 ||    14
